[Event "3rd FIDE WCCC Rapid G12 2019"]
[Site "Minsk"]
[Date "2019.08.16"]
[Round "4.2"]
[White "Shubenkova, Veronika"]
[Black "Lomakina, Anzhelika"]
[Result "1-0"]
[ECO "E00"]
[WhiteElo "1740"]
[BlackElo "1732"]
[Annotator "NA"]
[PlyCount "99"]
[EventDate "2019.08.16"]
[EventType "swiss"]
[EventCountry "BLR"]
[SourceTitle "playchess.com"]
[Source "ChessBase"]
[SourceQuality "1"]
[TimeControl "600+5"]

1. d4 Nf6 2. c4 e6 3. a3 d5 4. Nc3 c5 5. e3 Nc6 6. Nf3 a6 7. cxd5 exd5 8. dxc5 Bxc5 9. b4 Bb6 10. Be2 O-O 11. O-O Bg4 12. Bb2 Bc7 13. Na4 Qd6 14. g3 Ne4 15. Nd4 Bh3 16. Re1 Ne5 17. Bf1 Qh6 18. Qe2 Nc4 19. Bc1 b5 20. Nb2 Ne5 21. Bxh3 Qxh3 22. f3 Nxg3 23. hxg3 Qxg3+ 24. Kf1 Qh4 25. Qf2 Qh3+ 26. Ke2 Rac8 27. Bd2 Bb6 28. Rh1 Qd7 29. Qh4 h6 30. Nd3 Bxd4 31. Qxd4 Nc4 32. Rag1 f6 33. Rxh6 Qc6 34. Rhg6 Rc7 35. Nc5 Qd6 36. Bc3 Ne5 37. R6g2 Re7 38. Rd1 Rd8 39. Ne4 Qc6 40. Nxf6+ Qxf6 41. f4 Qh6 42. fxe5 Qh5+ 43. Qg4 Qh6 44. Bd4 Rc7 45. Qg6 Rc2+ 46. Qxc2 Qh3 47. Qg6 Rd7 48. e6 Rc7 49. Rdg1 Rc4 50. Qxg7# 1-0

[Event "3rd FIDE WCCC Rapid G12 2019"]
[Site "Minsk"]
[Date "2019.08.16"]
[Round "4.3"]
[White "Vu, My Linh"]
[Black "Komissarova, Soigina"]
[Result "0-1"]
[ECO "D31"]
[WhiteElo "1467"]
[BlackElo "1663"]
[Annotator "NA"]
[PlyCount "150"]
[EventDate "2019.08.16"]
[EventType "swiss"]
[EventCountry "BLR"]
[SourceTitle "playchess.com"]
[Source "ChessBase"]
[SourceQuality "1"]
[TimeControl "600+5"]

1. d4 d5 2. c4 e6 3. Nc3 c6 4. cxd5 exd5 5. Nf3 f5 6. g3 Bd6 7. Bg2 Nf6 8. O-O Nbd7 9. Nd2 O-O 10. f3 f4 11. gxf4 Bxf4 12. Nb3 Qc7 13. Bxf4 Qxf4 14. e4 Re8 15. Qd2 Qh4 16. Qf2 Qh6 17. Rae1 Rf8 18. e5 Nh5 19. e6 Ndf6 20. e7 Re8 21. f4 Ng4 22. Qh4 Bf5 23. Bh3 Nhf6 24. Qxh6 Nxh6 25. Bxf5 Nxf5 26. Re5 Nxe7 27. Rfe1 Ng6 28. Rxe8+ Nxe8 29. Nc5 b6 30. Ne6 Nd6 31. Kf2 Nf5 32. Ne2 Re8 33. Ng5 h6 34. Nh3 Re3 35. Nhg1 Re4 36. Rc1 Nxd4 37. Nxd4 Rxd4 38. Rxc6 Rxf4+ 39. Kg3 Ra4 40. Rxg6 Rxa2 41. b4 d4 42. Rg4 d3 43. Rd4 Ra3 44. Kf2 Rb3 45. Nf3 a5 46. bxa5 bxa5 47. Ra4 Rb5 48. Ke3 Rd5 49. Nd4 Kf7 50. Kxd3 Kf6 51. Kc4 Rh5 52. Nf3 Rh3 53. Ra3 g5 54. Rd3 g4 55. Ne1 Rxh2 56. Rg3 Kf5 57. Nd3 h5 58. Kb5 h4 59. Rg1 Rd2 60. Ne1 g3 61. Kxa5 Kg4 62. Kb4 h3 63. Kc3 Rd1 64. Kc2 Ra1 65. Kd2 h2 66. Rh1 Kh3 67. Ke2 g2 68. Nxg2 Rxh1 69. Kf2 Ra1 70. Nf4+ Kg4 71. Ne2 h1=Q 72. Ke3 Qf3+ 73. Kd2 Ra2+ 74. Ke1 Qh1+ 75. Ng1 Qxg1# 0-1

[Event "3rd FIDE WCCC Rapid G12 2019"]
[Site "Minsk"]
[Date "2019.08.16"]
[Round "4.4"]
[White "Babic, Masa"]
[Black "Mikheeva, Galina"]
[Result "1-0"]
[ECO "A88"]
[WhiteElo "1719"]
[BlackElo "1952"]
[Annotator "NA"]
[PlyCount "85"]
[EventDate "2019.08.16"]
[EventType "swiss"]
[EventCountry "BLR"]
[SourceTitle "playchess.com"]
[Source "ChessBase"]
[SourceQuality "1"]
[TimeControl "600+5"]

1. Nf3 f5 2. d4 Nf6 3. g3 g6 4. Bg2 Bg7 5. c4 O-O 6. O-O d6 7. Nc3 c6 8. b3 Qa5 9. Bb2 e5 10. dxe5 dxe5 11. Qc2 Nbd7 12. Rfd1 e4 13. Nd4 Ne5 14. a3 Qc7 15. Rac1 Re8 16. Ba1 Be6 17. Nxe6 Rxe6 18. Na4 b6 19. Nc3 Ree8 20. h3 Rad8 21. Kh1 Nf7 22. Na4 h6 23. b4 Kh7 24. c5 b5 25. Nc3 Ne5 26. a4 a6 27. Qa2 Nc4 28. Bb2 Rxd1+ 29. Rxd1 Nxb2 30. Qxb2 Rd8 31. Rxd8 Qxd8 32. Qc2 Nd5 33. Nxd5 Qxd5 34. axb5 axb5 35. g4 Qd4 36. gxf5 gxf5 37. f3 Qxb4 38. fxe4 Bc3 39. exf5 Qxc5 40. f6+ Kh8 41. Qg6 Qf8 42. Be4 Qg8 43. Qxh6+ 1-0

[Event "3rd FIDE WCCC Rapid G12 2019"]
[Site "Minsk"]
[Date "2019.08.16"]
[Round "4.5"]
[White "Putinceva, Marina"]
[Black "Babic, Milana"]
[Result "1-0"]
[ECO "B10"]
[WhiteElo "1476"]
[BlackElo "1689"]
[Annotator "NA"]
[PlyCount "98"]
[EventDate "2019.08.16"]
[EventType "swiss"]
[EventCountry "BLR"]
[SourceTitle "playchess.com"]
[Source "ChessBase"]
[SourceQuality "1"]
[TimeControl "600+5"]

1. e4 c6 2. Nf3 d5 3. exd5 cxd5 4. Ne5 Nc6 5. d4 Qc7 6. Bb5 Bd7 7. Nxd7 Qxd7 8. c3 a6 9. Bd3 Nf6 10. Nd2 e6 11. O-O Be7 12. Re1 O-O 13. Nf3 Qc7 14. Ne5 Nxe5 15. dxe5 Nd7 16. Bf4 Rfd8 17. Re3 Bc5 18. Bxh7+ Kf8 19. Rg3 Nxe5 20. Qh5 Bd6 21. Rxg7 Kxg7 22. Qh6+ Kh8 23. Bg6+ Kg8 24. Bh7+ Kh8 25. Bg6+ Kg8 26. Bh7+ Kh8 27. Bg6+ Kg8 28. Bh7+ Kh8 29. Bg6+ Kg8 30. Bh7+ Kh8 31. Bg6+ Kg8 32. Bh7+ Kh8 33. Bf5+ Kg8 34. Bh7+ Kh8 35. Bf5+ Kg8 36. Bh7+ Kh8 37. Bf5+ Kg8 38. Bh7+ Kh8 39. Bf5+ Kg8 40. Bh7+ Kh8 41. Be4+ Kg8 42. Bh7+ Kh8 43. Bg6+ Kg8 44. Bh7+ Kh8 45. Bg6+ Kg8 46. Bh7+ Kh8 47. Bg6+ Kg8 48. Bh7+ Kh8 49. Bf5+ Kg8 1-0

[Event "3rd FIDE WCCC Rapid G12 2019"]
[Site "Minsk"]
[Date "2019.08.16"]
[Round "4.6"]
[White "Ivanytska, Liudmyla"]
[Black "Nguyen, Le Cam Hien"]
[Result "1-0"]
[ECO "B76"]
[WhiteElo "1539"]
[BlackElo "1579"]
[Annotator "NA"]
[PlyCount "93"]
[EventDate "2019.08.16"]
[EventType "swiss"]
[EventCountry "BLR"]
[SourceTitle "playchess.com"]
[Source "ChessBase"]
[SourceQuality "1"]
[TimeControl "600+5"]

1. e4 c5 2. Nf3 d6 3. d4 cxd4 4. Nxd4 Nf6 5. Nc3 g6 6. f3 Bg7 7. Be3 O-O 8. Qd2 Nc6 9. O-O-O d5 10. Nxc6 bxc6 11. exd5 cxd5 12. Nxd5 Nxd5 13. Qxd5 Rb8 14. c3 Qc7 15. Qc5 Qb7 16. Rd2 Be6 17. Kd1 Bxa2 18. Qxa7 Qb3+ 19. Ke1 Qe6 20. Kf2 Bf6 21. Be2 Ra8 22. Qd7 Qe5 23. Bd4 Qg5 24. Bxf6 exf6 25. h4 Qe5 26. Qd6 Qa5 27. Qxf6 Qa7+ 28. Qd4 Qc7 29. Qf6 Rfe8 30. h5 Re6 31. Qd4 gxh5 32. Rxh5 Rg6 33. g4 Be6 34. Rd1 Rg7 35. Rdh1 Rd8 36. Qe3 Bd7 37. Rg5 Qc6 38. Rxg7+ Kxg7 39. Qg5+ Qg6 40. Qxd8 Bc6 41. Qd4+ Kg8 42. Bd3 Qg5 43. Bxh7+ Kf8 44. Qh8+ Ke7 45. Re1+ Kd7 46. Qe8+ Kc7 47. Qe7+ 1-0

[Event "3rd FIDE WCCC Rapid G12 2019"]
[Site "Minsk"]
[Date "2019.08.17"]
[Round "5.1"]
[White "Komissarova, Soigina"]
[Black "Vlasova, Olesia"]
[Result "1-0"]
[ECO "A61"]
[WhiteElo "1663"]
[BlackElo "1799"]
[Annotator "NA"]
[PlyCount "59"]
[EventDate "2019.08.16"]
[EventType "swiss"]
[EventCountry "BLR"]
[SourceTitle "playchess.com"]
[Source "ChessBase"]
[SourceQuality "1"]
[TimeControl "600+5"]

1. d4 Nf6 2. c4 c5 3. d5 e6 4. Nc3 exd5 5. cxd5 d6 6. Nf3 g6 7. h3 Bg7 8. e4 O-O 9. Bd3 b5 10. Bxb5 Nxe4 11. Nxe4 Qa5+ 12. Nfd2 Qxb5 13. Nxd6 Qa6 14. N2c4 Rd8 15. Bf4 Nd7 16. O-O Nb6 17. Nxb6 Qxb6 18. Nxc8 Raxc8 19. Rb1 Qb7 20. d6 Qe4 21. Qd2 Be5 22. Bxe5 Qxe5 23. Rbd1 Rc6 24. d7 Rc7 25. Rde1 Qf6 26. Re8+ Kg7 27. Rxd8 Qxd8 28. Rd1 Kf8 29. Qd6+ Kg7 30. Qxc7 1-0

[Event "3rd FIDE WCCC Rapid G12 2019"]
[Site "Minsk"]
[Date "2019.08.17"]
[Round "5.2"]
[White "Babic, Masa"]
[Black "Shubenkova, Veronika"]
[Result "0-1"]
[ECO "A06"]
[WhiteElo "1719"]
[BlackElo "1740"]
[Annotator "NA"]
[PlyCount "76"]
[EventDate "2019.08.16"]
[EventType "swiss"]
[EventCountry "BLR"]
[SourceTitle "playchess.com"]
[Source "ChessBase"]
[SourceQuality "1"]
[TimeControl "600+5"]

1. Nf3 d5 2. g3 e6 3. Bg2 Bd6 4. d4 f5 5. c4 c6 6. O-O Nf6 7. c5 Bc7 8. Qa4 O-O 9. Nc3 Nbd7 10. Bf4 Ne4 11. e3 Re8 12. Nxe4 fxe4 13. Bg5 Nf6 14. Ne5 h6 15. Bxf6 gxf6 16. Ng4 h5 17. Qd1 hxg4 18. Qxg4+ Kf8 19. Qh5 Re7 20. f3 Rg7 21. fxe4 dxe4 22. Bxe4 f5 23. Qh8+ Kf7 24. Qh5+ Kg8 25. Bc2 Bd7 26. Bb3 Qg5 27. Qf3 Rf8 28. e4 f4 29. d5 Rf6 30. Kh1 Be5 31. dxe6 Be8 32. e7+ Kh7 33. Qg2 Rh6 34. Rf2 fxg3 35. Qf3 gxf2 36. Qxf2 Rxh2+ 37. Qxh2+ Bxh2 38. Kxh2 Qg2# 0-1

[Event "3rd FIDE WCCC Rapid G12 2019"]
[Site "Minsk"]
[Date "2019.08.17"]
[Round "5.3"]
[White "Kirdyashkina, Ekaterina"]
[Black "Szczotka, Klara"]
[Result "1-0"]
[ECO "B40"]
[WhiteElo "1691"]
[BlackElo "1732"]
[Annotator "NA"]
[PlyCount "99"]
[EventDate "2019.08.16"]
[EventType "swiss"]
[EventCountry "BLR"]
[SourceTitle "playchess.com"]
[Source "ChessBase"]
[SourceQuality "1"]
[TimeControl "600+5"]

1. e4 c5 2. Nf3 e6 3. c3 Nf6 4. e5 Nd5 5. d4 d6 6. exd6 Qxd6 7. Bb5+ Bd7 8. Bxd7+ Nxd7 9. O-O Qb6 10. Nbd2 cxd4 11. Nxd4 Rc8 12. N2f3 Be7 13. Qa4 Qc5 14. Nb3 Qc6 15. Qxa7 b6 16. Qa6 Ra8 17. Qe2 Nc5 18. Nbd4 Qb7 19. Qb5+ Kf8 20. Qe2 Bf6 21. Be3 Nxe3 22. Qxe3 Na4 23. Rab1 Nc5 24. a3 Qd5 25. Rfd1 Qb7 26. b4 Ne4 27. Re1 Nd6 28. Qd3 Qc7 29. Ra1 Rc8 30. Red1 Nc4 31. Nb5 Qc6 32. Na7 Qb7 33. Nxc8 Qxc8 34. Qd7 Qxd7 35. Rxd7 Ke8 36. Rc7 b5 37. Rc5 Nd6 38. Nd4 Bxd4 39. cxd4 Kd7 40. Rac1 Rb8 41. Rc7+ Ke8 42. R1c6 Nc4 43. a4 Na3 44. a5 Nc4 45. a6 Ra8 46. a7 Kd8 47. Rxf7 e5 48. d5 e4 49. Rf8+ Kd7 50. Rxa8 1-0

[Event "3rd FIDE WCCC Rapid G12 2019"]
[Site "Minsk"]
[Date "2019.08.17"]
[Round "5.4"]
[White "Korovina, Yana"]
[Black "Ivanytska, Liudmyla"]
[Result "0-1"]
[ECO "B40"]
[WhiteElo "1602"]
[BlackElo "1539"]
[Annotator "NA"]
[PlyCount "94"]
[EventDate "2019.08.16"]
[EventType "swiss"]
[EventCountry "BLR"]
[SourceTitle "playchess.com"]
[Source "ChessBase"]
[SourceQuality "1"]
[TimeControl "600+5"]

1. e4 c5 2. Nf3 e6 3. d3 a6 4. Nbd2 b5 5. g3 Bb7 6. Bg2 d5 7. O-O Ne7 8. Re1 g6 9. e5 Bg7 10. Nf1 O-O 11. Bg5 h6 12. Bxe7 Qxe7 13. Qd2 Qc7 14. c3 Nd7 15. d4 Nb6 16. Ne3 Nc4 17. Qc1 Nxe3 18. Qxe3 Rac8 19. Rac1 Qb6 20. h4 Rc6 21. Nd2 Rfc8 22. Nb3 c4 23. Nc5 Qc7 24. Qd2 Kh7 25. Nxb7 Qxb7 26. Qf4 Qe7 27. Rb1 a5 28. Rec1 h5 29. Re1 b4 30. Red1 Rb6 31. Qd2 Rcb8 32. Qc2 b3 33. axb3 Rxb3 34. Bf3 Kg8 35. Re1 Qb7 36. Re2 a4 37. Ra1 Rxb2 38. Qxa4 Rxe2 39. Bxe2 Qb2 40. Bf1 Qxc3 41. Qa7 Rb2 42. Ra2 Rxa2 43. Qxa2 Qxd4 44. Qa8+ Kh7 45. Qe8 c3 46. Qc6 Qd2 47. Kg2 c2 0-1

[Event "3rd FIDE WCCC Rapid G12 2019"]
[Site "Minsk"]
[Date "2019.08.17"]
[Round "5.5"]
[White "Lomakina, Anzhelika"]
[Black "Zhapova, Yana"]
[Result "1-0"]
[ECO "B90"]
[WhiteElo "1732"]
[BlackElo "1809"]
[Annotator "NA"]
[PlyCount "139"]
[EventDate "2019.08.16"]
[EventType "swiss"]
[EventCountry "BLR"]
[SourceTitle "playchess.com"]
[Source "ChessBase"]
[SourceQuality "1"]
[TimeControl "600+5"]

1. e4 c5 2. Nf3 d6 3. d4 cxd4 4. Nxd4 Nf6 5. Nc3 a6 6. h3 e5 7. Nde2 h5 8. g3 Be6 9. Bg2 Nbd7 10. Be3 b5 11. O-O Be7 12. Qd2 Rc8 13. a4 b4 14. Nd5 Nxd5 15. exd5 Bf5 16. Rac1 a5 17. c3 bxc3 18. Nxc3 O-O 19. Nb5 Nf6 20. Rc6 Ne4 21. Qe2 Qd7 22. Rfc1 Bg5 23. Bxe4 Bxe4 24. Bxg5 Bxd5 25. Rxd6 Qb7 26. Kh2 Rxc1 27. Bxc1 Rc8 28. Be3 Bc4 29. Qd1 Bxb5 30. axb5 Qxb5 31. Rd8+ Rxd8 32. Qxd8+ Kh7 33. Qd2 a4 34. Qc2+ Kg8 35. Qd2 Kh7 36. Kg2 Qb7+ 37. Kg1 Qb5 38. Qc2+ Kg8 39. Qc8+ Kh7 40. Qf5+ Kg8 41. Qc2 Qd7 42. Kh2 Qb5 43. Bc5 Qc6 44. Qc3 Qd5 45. Ba3 Qe6 46. Qb4 Kh7 47. Qxa4 Qb6 48. Qc2+ Kg8 49. b4 h4 50. Qc8+ Kh7 51. Qf5+ Kg8 52. g4 e4 53. b5 e3 54. Bc5 Qc7+ 55. Kg2 e2 56. Qe4 Qxc5 57. Qxe2 Qd5+ 58. Kg1 Qc5 59. Qd3 Qc1+ 60. Kg2 Qc5 61. Qd8+ Kh7 62. Qxh4+ Kg8 63. Qd8+ Kh7 64. Qd7 Kg8 65. Qc6 Qd4 66. b6 f5 67. b7 fxg4 68. b8=Q+ Kh7 69. Qc2+ Kh6 70. Qh8+ 1-0

[Event "3rd FIDE WCCC Rapid G12 2019"]
[Site "Minsk"]
[Date "2019.08.17"]
[Round "5.6"]
[White "Kaldarova, Ayaulym"]
[Black "Petrova, Elizaveta"]
[Result "1-0"]
[ECO "D02"]
[WhiteElo "1549"]
[BlackElo "1573"]
[Annotator "NA"]
[PlyCount "79"]
[EventDate "2019.08.16"]
[EventType "swiss"]
[EventCountry "BLR"]
[SourceTitle "playchess.com"]
[Source "ChessBase"]
[SourceQuality "1"]
[TimeControl "600+5"]

1. d4 d5 2. Nf3 Nf6 3. c4 e6 4. e3 Be7 5. Bd3 O-O 6. O-O c5 7. b3 Nc6 8. Bb2 b6 9. Nbd2 Bb7 10. Qe2 Nb4 11. Bb1 a5 12. Ne5 a4 13. f4 a3 14. Bc3 Nc6 15. Nxc6 Bxc6 16. f5 Rb8 17. Bd3 g6 18. fxg6 fxg6 19. Nf3 Nh5 20. Ne5 Qd6 21. Qg4 Ng7 22. Nxg6 hxg6 23. Qxg6 Bf6 24. Qh7+ Kf7 25. Rxf6+ Ke8 26. Qxg7 Rxf6 27. Qxf6 Rb7 28. Rf1 Re7 29. Bg6+ Kd7 30. dxc5 Qxc5 31. Bd4 Qd6 32. c5 bxc5 33. Be5 Bb5 34. Bxd6 Kxd6 35. Rd1 Be2 36. Rd2 c4 37. Rxe2 cxb3 38. axb3 Ra7 39. Ra2 Kc5 40. Qd4+ 1-0

[Event "3rd FIDE WCCC Rapid G12 2019"]
[Site "Minsk"]
[Date "2019.08.17"]
[Round "6.1"]
[White "Shubenkova, Veronika"]
[Black "Komissarova, Soigina"]
[Result "1/2-1/2"]
[ECO "D02"]
[WhiteElo "1740"]
[BlackElo "1663"]
[Annotator "NA"]
[PlyCount "115"]
[EventDate "2019.08.16"]
[EventType "swiss"]
[EventCountry "BLR"]
[SourceTitle "playchess.com"]
[Source "ChessBase"]
[SourceQuality "1"]
[TimeControl "600+5"]

1. d4 d5 2. Nf3 Bf5 3. e3 Nf6 4. c4 e6 5. Nc3 c6 6. Bd3 Bxd3 7. Qxd3 Bd6 8. O-O O-O 9. e4 dxe4 10. Nxe4 Nxe4 11. Qxe4 Nd7 12. Bg5 Be7 13. Bxe7 Qxe7 14. Rfe1 Nf6 15. Qc2 Rfd8 16. Rad1 h6 17. Ne5 Rac8 18. Re3 Qc7 19. c5 Rd5 20. Nc4 Rcd8 21. Nd6 b6 22. b4 Ne8 23. Nxe8 Rxe8 24. Rc3 Red8 25. Rcd3 bxc5 26. bxc5 Rb8 27. g3 e5 28. dxe5 Rxe5 29. Qc4 Qa5 30. Rd7 Rf8 31. Rc1 Qa3 32. Qc3 Qxc3 33. Rxc3 Ra8 34. Rc7 Re6 35. Rd3 a5 36. Rdd7 Rf6 37. Ra7 Re8 38. Rxa5 Re1+ 39. Kg2 Re2 40. Ra8+ Kh7 41. Raa7 Rfxf2+ 42. Kg1 Rg2+ 43. Kf1 Rgf2+ 44. Kg1 Rxa2 45. Rac7 Rfc2 46. Rxf7 Ra1+ 47. Rf1 Rxf1+ 48. Kxf1 Rxc5 49. Kf2 Kg6 50. Kf3 Kf6 51. h4 g6 52. g4 Rc3+ 53. Kf4 Rc1 54. g5+ hxg5+ 55. hxg5+ Ke6 56. Rg7 Rf1+ 57. Kg4 Rg1+ 58. Kf4 1/2-1/2

[Event "3rd FIDE WCCC Rapid G12 2019"]
[Site "Minsk"]
[Date "2019.08.17"]
[Round "6.2"]
[White "Lomakina, Anzhelika"]
[Black "Kirdyashkina, Ekaterina"]
[Result "0-1"]
[ECO "C55"]
[WhiteElo "1732"]
[BlackElo "1691"]
[Annotator "NA"]
[PlyCount "60"]
[EventDate "2019.08.16"]
[EventType "swiss"]
[EventCountry "BLR"]
[SourceTitle "playchess.com"]
[Source "ChessBase"]
[SourceQuality "1"]
[TimeControl "600+5"]

1. e4 e5 2. Nf3 Nc6 3. d4 exd4 4. Bc4 Nf6 5. e5 d5 6. Bb5 Ne4 7. Nxd4 Bd7 8. Bxc6 bxc6 9. O-O Be7 10. f3 Nc5 11. Be3 O-O 12. f4 Ne4 13. Nd2 c5 14. N4f3 Nxd2 15. Qxd2 d4 16. Bf2 Bc6 17. Bg3 Qd5 18. b3 Rad8 19. Qa5 f6 20. Qxc7 Rd7 21. Qa5 fxe5 22. fxe5 Bg5 23. Rad1 Qe4 24. Qxc5 Be3+ 25. Kh1 Rxf3 26. Qc4+ Rdf7 27. Qe2 Rf2 28. Rxf2 Rxf2 29. Qc4+ Bd5 30. Qc8+ Rf8 0-1

[Event "3rd FIDE WCCC Rapid G12 2019"]
[Site "Minsk"]
[Date "2019.08.17"]
[Round "6.3"]
[White "Ivanytska, Liudmyla"]
[Black "Vlasova, Olesia"]
[Result "0-1"]
[ECO "B34"]
[WhiteElo "1539"]
[BlackElo "1799"]
[Annotator "NA"]
[PlyCount "190"]
[EventDate "2019.08.16"]
[EventType "swiss"]
[EventCountry "BLR"]
[SourceTitle "playchess.com"]
[Source "ChessBase"]
[SourceQuality "1"]
[TimeControl "600+5"]

1. e4 c5 2. Nf3 Nc6 3. d4 cxd4 4. Nxd4 g6 5. Nc3 Bg7 6. Be3 Nf6 7. Qd2 O-O 8. f3 d5 9. Nxc6 bxc6 10. Bc5 Re8 11. O-O-O Qa5 12. Be3 Rb8 13. e5 Nd7 14. f4 Qb4 15. b3 Qa3+ 16. Kb1 Nb6 17. Qc1 Qa5 18. Qb2 Nc4 19. Bxc4 dxc4 20. Na4 cxb3 21. axb3 Bf5 22. Kc1 Rb7 23. Qc3 Qc7 24. Nc5 Rb5 25. Na4 Reb8 26. Bc5 f6 27. Qc4+ Kh8 28. Qf7 fxe5 29. Bd6 Qa5 30. Bxb8 Rxb8 31. Qxe7 exf4 32. Qc5 Qc7 33. Qd6 Qc8 34. Qxf4 Qf8 35. Qd6 Bh6+ 36. Kb2 Qg7+ 37. Nc3 Rg8 38. Qxc6 Rc8 39. Qf3 Bg5 40. g4 Bf6 41. gxf5 Rxc3 42. Rd8+ Bxd8 43. Qxc3 Bf6 44. Qxf6 Qxf6+ 45. Kb1 Qxf5 46. Rd1 a5 47. Rd2 Kg7 48. Kb2 Qf4 49. Re2 g5 50. c4 h5 51. Rc2 g4 52. c5 g3 53. hxg3 Qxg3 54. c6 Qc7 55. Rc3 Kf6 56. Ka3 Ke5 57. Rc5+ Kd6 58. Rxh5 Kxc6 59. Ka2 Kb7 60. Rd5 Qc2+ 61. Ka3 Qc1+ 62. Ka2 Qc3 63. Rb5+ Ka6 64. Rd5 Kb6 65. Rh5 Qd2+ 66. Ka3 Qd6+ 67. Ka2 Qc6 68. Ka3 Qg6 69. Rh1 Qd6+ 70. Kb2 a4 71. Rb1 Qb4 72. Ka2 a3 73. Rh1 Qc5 74. Ra1 Qc3 75. Rb1 Qc2+ 76. Ka1 Kb5 77. b4 Ka4 78. b5 Qc3+ 79. Ka2 Qc4+ 80. Ka1 Qc3+ 81. Ka2 Qc2+ 82. Ka1 a2 83. Rb2 Qc3 84. Kxa2 Qa3+ 85. Kb1 Qd3+ 86. Ka2 Qc4+ 87. Kb1 Ka3 88. Rc2 Qxb5+ 89. Kc1 Qg5+ 90. Kd1 Kb3 91. Rd2 Qg4+ 92. Ke1 Kc3 93. Rf2 Kd3 94. Kf1 Ke3 95. Rg2 Qd1# 0-1

[Event "3rd FIDE WCCC Rapid G12 2019"]
[Site "Minsk"]
[Date "2019.08.17"]
[Round "6.4"]
[White "Babic, Milana"]
[Black "Kaldarova, Ayaulym"]
[Result "0-1"]
[ECO "A05"]
[WhiteElo "1689"]
[BlackElo "1549"]
[Annotator "NA"]
[PlyCount "106"]
[EventDate "2019.08.16"]
[EventType "swiss"]
[EventCountry "BLR"]
[SourceTitle "playchess.com"]
[Source "ChessBase"]
[SourceQuality "1"]
[TimeControl "600+5"]

1. Nf3 Nf6 2. g3 e6 3. Bg2 d5 4. d3 c5 5. O-O Nc6 6. Nbd2 g6 7. b3 Bg7 8. Bb2 O-O 9. e3 b6 10. c4 Bb7 11. a3 Rc8 12. Rc1 Qe7 13. Qe2 Rfd8 14. Rfe1 e5 15. cxd5 Nxd5 16. Red1 Ba6 17. Ne4 f5 18. Nc3 e4 19. Ne1 Nxc3 20. Bxc3 Bxc3 21. Rxc3 Ne5 22. Bf1 Bxd3 23. Qa2 Bxf1 24. Rxd8+ Rxd8 25. Kxf1 Kg7 26. Qa1 Qf6 27. b4 c4 28. Nc2 Rd3 29. Nd4 Rxc3 30. Qxc3 Nf3 31. Kg2 Nxd4 32. exd4 b5 33. a4 a6 34. axb5 axb5 35. Qa1 Kh6 36. Qc1+ g5 37. h4 Kg6 38. h5+ Kxh5 39. Qe3 Kg6 40. g4 Qe6 41. f3 exf3+ 42. Qxf3 fxg4 43. Qd1 Qe4+ 44. Kg1 Qe3+ 45. Kh2 Qf2+ 46. Kh1 Qf3+ 47. Qxf3 gxf3 48. Kg1 c3 49. d5 c2 50. d6 c1=Q+ 51. Kf2 Qd2+ 52. Kxf3 Qxd6 53. Ke4 Qxb4+ 0-1

[Event "3rd FIDE WCCC Rapid G12 2019"]
[Site "Minsk"]
[Date "2019.08.17"]
[Round "6.5"]
[White "Misiuk, Monika"]
[Black "Babic, Masa"]
[Result "0-1"]
[ECO "A53"]
[WhiteElo "1339"]
[BlackElo "1719"]
[Annotator "NA"]
[PlyCount "112"]
[EventDate "2019.08.16"]
[EventType "swiss"]
[EventCountry "BLR"]
[SourceTitle "playchess.com"]
[Source "ChessBase"]
[SourceQuality "1"]
[TimeControl "600+5"]

1. d4 Nf6 2. c4 d6 3. Nc3 Nbd7 4. Bg5 c6 5. Nf3 e5 6. e3 Be7 7. Be2 O-O 8. O-O a6 9. dxe5 dxe5 10. a4 Qc7 11. Qc2 a5 12. Rfd1 Nc5 13. Bxf6 Bxf6 14. Ne4 Nxe4 15. Qxe4 g6 16. Qc2 Be6 17. Rd2 Rac8 18. Rad1 Qb6 19. b3 Qb4 20. Qb1 Bf5 21. e4 Be6 22. h3 Qb6 23. Qc2 Rfe8 24. Qc3 Bg7 25. Rd6 Bf8 26. R6d3 Bb4 27. Qc2 Bc5 28. Bf1 f5 29. R3d2 fxe4 30. Qxe4 Bf5 31. Qh4 Be7 32. Ng5 Bxg5 33. Qxg5 Qxb3 34. Bd3 Bxd3 35. Rxd3 Qxc4 36. Rd7 Qe6 37. Qh6 Re7 38. Rd8+ Rxd8 39. Rxd8+ Re8 40. Qg5 Kf7 41. Rxe8 Qxe8 42. Qh4 Kg7 43. Qe4 Qe6 44. Kh2 b5 45. g3 b4 46. Qd3 Qd5 47. Qa6 b3 48. Qa7+ Kf6 49. Qxh7 b2 50. Qh8+ Ke6 51. Qe8+ Kd6 52. Qd8+ Kc5 53. Qxa5+ Kc4 54. Qe1 Kb3 55. Qe3+ Ka2 56. Qe2 Ka1 0-1

[Event "3rd FIDE WCCC Rapid G12 2019"]
[Site "Minsk"]
[Date "2019.08.17"]
[Round "6.6"]
[White "Basova, Yuliya"]
[Black "Mikheeva, Galina"]
[Result "0-1"]
[ECO "C45"]
[WhiteElo "1699"]
[BlackElo "1952"]
[Annotator "NA"]
[PlyCount "94"]
[EventDate "2019.08.16"]
[EventType "swiss"]
[EventCountry "BLR"]
[SourceTitle "playchess.com"]
[Source "ChessBase"]
[SourceQuality "1"]
[TimeControl "600+5"]

1. e4 e5 2. Nf3 Nc6 3. d4 exd4 4. Nxd4 Nf6 5. Nxc6 bxc6 6. e5 Qe7 7. Qe2 Nd5 8. c4 Ba6 9. Nd2 g6 10. Qe4 Nb6 11. Bd3 Bg7 12. Nf3 f6 13. exf6 Qxe4+ 14. Bxe4 Bxf6 15. c5 Na4 16. Rb1 Nxc5 17. Bc2 O-O 18. Be3 Rfe8 19. Kd1 Nd3 20. Bb3+ Kg7 21. Kc2 Nxf2 22. Bxf2 Re2+ 23. Kd1 Rxf2 24. Rg1 Rxb2 25. Rxb2 Bxb2 26. Re1 Bf6 27. g4 g5 28. Re3 d5 29. Re6 Bb7 30. Ba4 Kf7 31. Re3 Re8 32. Rb3 Ba8 33. h3 h6 34. Nd2 Rd8 35. Nf1 c5 36. Ng3 c4 37. Rb1 d4 38. Nf5 Bg7 39. Nxg7 Kxg7 40. Rb4 Bd5 41. Bb5 c3 42. Bd3 Bxa2 43. Rb7 Rd7 44. Rxa7 Bb3+ 45. Kc1 Re7 46. Bc2 Re1+ 47. Bd1 Rxd1# 0-1

[Event "3rd FIDE WCCC Rapid G12 2019"]
[Site "Minsk"]
[Date "2019.08.17"]
[Round "7.1"]
[White "Kirdyashkina, Ekaterina"]
[Black "Shubenkova, Veronika"]
[Result "0-1"]
[ECO "C01"]
[WhiteElo "1691"]
[BlackElo "1740"]
[Annotator "NA"]
[PlyCount "96"]
[EventDate "2019.08.16"]
[EventType "swiss"]
[EventCountry "BLR"]
[SourceTitle "playchess.com"]
[Source "ChessBase"]
[SourceQuality "1"]
[TimeControl "600+5"]

1. e4 e6 2. d4 d5 3. exd5 exd5 4. c4 Nf6 5. Nc3 c6 6. Nf3 Bd6 7. c5 Bc7 8. Bg5 O-O 9. Be2 Bg4 10. O-O Nbd7 11. h3 Bxf3 12. Bxf3 Qb8 13. b4 h6 14. Be3 Re8 15. Rb1 a6 16. a4 Bf4 17. Bxf4 Qxf4 18. b5 axb5 19. axb5 Ra3 20. bxc6 bxc6 21. Na4 Ne4 22. Rb2 Ng5 23. Bg4 Nf6 24. g3 Qe4 25. Re2 Nxh3+ 26. Bxh3 Qxe2 27. Qxe2 Rxe2 28. Nb6 Rd3 29. Nd7 Rxd4 30. Nxf6+ gxf6 31. Bd7 Rc2 32. Bxc6 Rxc5 33. Bd7 Kg7 34. Re1 Rc2 35. Re7 Re4 36. Rxe4 dxe4 37. Bf5 Rc4 38. Kf1 h5 39. Ke2 Kh6 40. Ke3 Rc3+ 41. Ke2 Rc2+ 42. Ke3 Rc4 43. Bxe4 Rxe4+ 44. Kxe4 Kg5 45. f3 f5+ 46. Ke5 f6+ 47. Ke6 f4 48. gxf4+ Kxf4 0-1

[Event "3rd FIDE WCCC Rapid G12 2019"]
[Site "Minsk"]
[Date "2019.08.17"]
[Round "7.2"]
[White "Komissarova, Soigina"]
[Black "Kaldarova, Ayaulym"]
[Result "0-1"]
[ECO "C14"]
[WhiteElo "1663"]
[BlackElo "1549"]
[Annotator "NA"]
[PlyCount "70"]
[EventDate "2019.08.16"]
[EventType "swiss"]
[EventCountry "BLR"]
[SourceTitle "playchess.com"]
[Source "ChessBase"]
[SourceQuality "1"]
[TimeControl "600+5"]

1. e4 e6 2. d4 d5 3. Nc3 Nf6 4. Bg5 Be7 5. e5 Nfd7 6. Bxe7 Qxe7 7. Qg4 O-O 8. Nf3 c5 9. Bd3 g6 10. O-O-O Nc6 11. Rhe1 cxd4 12. Nb5 Nb4 13. a3 Nxd3+ 14. Rxd3 b6 15. Nfxd4 Ba6 16. Rh3 Bxb5 17. Nxb5 Rac8 18. Nd6 Rc6 19. f4 f5 20. Qf3 Nc5 21. g4 Ne4 22. gxf5 exf5 23. Nxe4 fxe4 24. Qg3 Qc5 25. Re2 d4 26. Qh4 Rc7 27. Rg2 d3 28. c3 e3 29. Rf3 Qd5 30. Qg3 d2+ 31. Kd1 Qb3+ 32. Ke2 d1=Q+ 33. Kxe3 Rxc3+ 34. bxc3 Qxc3+ 35. Ke4 Qcd4# 0-1